 Dungeon Crawl Stone Soup version 0.19.4-8-ga85b6b9 (webtiles) character file.

283 Kosschaser the Basher (level 6, -6/74 HPs)
             Began as an Ogre Berserker on Feb 10, 2017.
             Mangled by a polar bear (26 damage)
             ... created by the rage of Trog
             ... on level 3 of the Dungeon.
             The game lasted 00:17:04 (1490 turns).

Kosschaser the Basher (Ogre Berserker)              Turns: 1490, Time: 00:17:05

Health: -6/74      AC:  3    Str: 24 (25) XL:     6   Next: 28%
Magic:  14/14      EV: 12    Int:  6      God:
Gold:   107        SH:  0    Dex:  9      Spells: 0 memorised, 16 levels left

rFire  . . .     SeeInvis .     i - +2 flail (protect)
rCold  . . .     Gourm    .     b - +0 animal skin
rNeg   . . .     Faith    .     (no shield)
rPois  .         Spirit   .     (helmet restricted)
rElec  .         Reflect  .     (no cloak)
rCorr  .         Harm     .     (gloves unavailable)
MR     .....                    (boots unavailable)
Stlth  +.........               e - amulet of rage
                                (no ring)
                                (no ring)

@: no status effects
A: unfitting armour, tough skin 1
a: Evoke Berserk Rage


You were on level 3 of the Dungeon.
You were not hungry.

You visited 1 branch of the dungeon, and saw 3 of its levels.

You collected 107 gold pieces.

Inventory:

Hand Weapons
 a - a +0 mace
 i - a +2 flail of protection (weapon)
Armour
 b - a +0 animal skin (worn)
Jewellery
 d - an uncursed ring of teleportation
 e - an amulet of rage (around neck)
Scrolls
 g - a scroll of identify {unknown}
Potions
 f - 4 potions of curing {unknown}
Comestibles
 c - 2 bread rations
 h - a slice of pizza


   Skills:
 + Level 8.4 Fighting
 + Level 9.0 Maces & Flails
 + Level 6.0 Dodging
 + Level 0.1 Stealth
 + Level 5.5 Spellcasting
 + Level 0.1 Evocations


You had 16 spell levels left.
You didn't know any spells.

Dungeon Overview and Level Annotations

Branches:
Dungeon (2/15)

Altars:


Innate Abilities, Weirdness & Mutations

You are too large for most types of armour.
You have tough skin. (AC +1)


Message History

an uncursed club; an uncursed hunting sling of flaming; 17 stones a goblin corpse Trog sends monsters to punish you. 5 polar bears come into view.
You sock the polar bear!
Your weapon exudes an aura of protection.
The polar bear is lightly wounded.
The polar bear rages.
The polar bear misses you.
The polar bear claws you but does no damage. x2
You see here a stone.
The polar bear bites you! The polar bear misses you.
The polar bear claws you but does no damage.
The polar bear bites you!
* * * LOW HITPOINT WARNING * * *
The polar bear claws you but does no damage.
The polar bear barely misses you.
You see here a stone.
The polar bear bites you!!
You die...

#...#
#......)))......
#...#
#.....##########
#.).# #####.#
#....... #...# #.#
#.###### #...# #.#
#.# #..(#
####.###.## #...#
#.........#
##..h#####.........#
#.[.hhh@.....(.....#
#..(.#####.........#
#..... +.........#
####### #.........#
#.........#
#.........#
#.........#
###########


You could see 4 polar bears.

Vanquished Creatures
  An orc warrior (D:3)
  An orc wizard (D:3)
  5 adders
  3 oozes
  A worm (D:2)
  2 dart slugs (D:1)
  A leopard gecko (D:2)
  3 orcs (D:3)
  7 bats
  3 giant cockroaches
  6 goblins
  5 hobgoblins
  A jackal (D:1)
  4 frilled lizards
  8 kobolds
  2 rats (D:1)
53 creatures vanquished.

Notes
Turn   | Place    | Note
-------+----------+-------------------------------------------
     0 | D:1      | Kosschaser the Ogre Berserker began the quest for the Orb.
     0 | D:1      | Reached XP level 1. HP: 24/24 MP: 1/1
    98 | D:1      | Reached XP level 2. HP: 24/32 MP: 2/2
   449 | D:1      | Reached XP level 3. HP: 36/40 MP: 3/3
   706 | D:1      | Fell from the grace of Trog
   706 | D:1      | Reached skill level 8 in Maces & Flails
   706 | D:1      | Reached skill level 5 in Dodging
   706 | D:1      | Reached skill level 5 in Spellcasting
   706 | D:1      | Reached XP level 4. HP: 57/57 MP: 3/11
   924 | D:2      | Paralysed by Trog for 5 turns
  1060 | D:2      | Reached XP level 5. HP: 57/65 MP: 13/13
  1353 | D:2      | You fall through a shaft!
  1405 | D:3      | Noticed an orc warrior
  1422 | D:3      | Killed an orc warrior
  1422 | D:3      | Reached XP level 6. HP: 74/74 MP: 14/14
  1430 | D:3      | Reached skill level 9 in Maces & Flails
  1486 | D:3      | Noticed a polar bear
  1486 | D:3      | Noticed a polar bear
  1486 | D:3      | Noticed a polar bear
  1486 | D:3      | Noticed a polar bear
  1486 | D:3      | Noticed a polar bear
  1490 | D:3      | Mangled by a polar bear

Skill      XL: |  1  2  3  4  5  6 |
---------------+-------------------+-----
Dodging        | 3 5 6 |  6.0
Fighting       | 8 |  8.4
Maces & Flails | 8 9 |  9.0
Spellcasting   | 5 |  5.5
Stealth        | |  0.1
Evocations     | |  0.1

Action                   |  1- 3 |  4- 6 || total
-------------------------+-------+-------++-------
Melee: Mace              |    62 |    92 ||   154
       Flail             |       |     2 ||     2
 Abil: Evoke Berserk Rag |       |     1 ||     1
  Use: Potion            |     3 |       ||     3
       Scroll            |     1 |     2 ||     3
  Eat: Bread ration      |       |     1 ||     1
Armor: Animal skin       |    16 |    21 ||    37
Dodge: Dodged            |    27 |    69 ||    96
